 Dungeon Crawl Stone Soup version 0.15.2 (webtiles) character file.

68 ImaNewbie the Ruinous (level 4, -6/33 HPs)
             Began as a Draconian Conjurer on Feb 28, 2015.
             Mangled by a giant frog (7 damage)
             ... on Level 2 of the Dungeon.
             The game lasted 00:13:49 (2074 turns).

ImaNewbie the Ruinous (Draconian Conjurer)          Turns: 2074, Time: 00:13:49

HP  -6/33        AC  5     Str 11      XL: 4   Next:  1%
MP   0/8         EV 12     Int 16      God:
Gold 27          SH  0     Dex 11      Spells:  3 memorised,  2 levels left

rFire  . . .     SeeInvis .     a - +0 whip
rCold  . . .     Clarity  .     (armour unavailable)
rNeg   . . .     rCorr    .     (no shield)
rPois  .         rRot     .     (helmet restricted)
rElec  .         Spirit   .     (no cloak)
SustAb .         Warding  .     (no gloves)
rMut   .         Stasis   .     (no boots)
Gourm  .                        (no amulet)
MR     .....                    (no ring)
                                (no ring)

@: lethally poisoned, very slightly contaminated, not resistant to hostile
enchantments, unstealthy
A: unfitting armour, cold-blooded, AC +5
a: no special abilities


You were on level 2 of the Dungeon.
You were not hungry.

You visited 1 branch of the dungeon, and saw 3 of its levels.

You collected 27 gold pieces.

Inventory:

Hand weapons
 a - a +0 whip (weapon)
Comestibles
 b - a bread ration
 l - a meat ration
Scrolls
 d - a scroll of teleportation {unknown}
 e - a scroll of identify
 f - a scroll of immolation
Potions
 g - a potion of haste {unknown}
 i - a potion of cure mutation {unknown}
Books
 c - a book of Conjurations

   Spells                             Type                      Level
   *Magic Dart                        Conjuration                  1
   *Searing Ray                       Conjuration                  2
   *Dazzling Spray                    Conjuration/Hexes            3
   Fulminant Prism                    Conjuration/Hexes            4
   Iskenderun's Mystic Blast          Conjuration                  4
   Iskenderun's Battlesphere          Conjuration/Charms           5


   Skills:
 - Level 1.7 Dodging
 - Level 1.7 Stealth
 + Level 2.7 Spellcasting
 * Level 5.1 Conjurations


You had 2 spell levels left.
You knew the following spells:

 Your Spells              Type           Power        Failure   Level  Hunger
a - Magic Dart            Conj           ###.         2%          1    #......
b - Searing Ray           Conj           ###...       4%          2    ##.....
c - Dazzling Spray        Conj/Hex       ##......     21%         3    ###....


Dungeon Overview and Level Annotations

Branches:
Dungeon (3/15)

Altars:
Cheibriados
Elyvilon
Nemelex Xobeh


Innate Abilities, Weirdness & Mutations

Your plain brown scales are hard (AC +5).
Your body does not fit into most forms of armour.
Your cold-blooded metabolism reacts poorly to cold.


Message History

Drink which item? (? for menu, Esc to quit)
Okay, then.
Read which item? (? for menu, Esc to quit)
Okay, then.
The hobgoblin closely misses you.
You feel sick. The giant frog closely misses you.
The giant frog hits you but does no damage.
The hobgoblin is no longer blind.
Casting: Dazzling Spray
Confirm with . or Enter, or press ? or * to list all spells.
Aiming: Dazzling Spray
Press: ? - help, Shift-Dir - straight line You miscast Dazzling Spray.
You are very lightly contaminated with residual magic.
Your skin glows momentarily.
You feel sick. The giant frog hits you.
* * * LOW HITPOINT WARNING * * *
The giant frog hits you.
* * * LOW HITPOINT WARNING * * *
The giant frog hits you!
You die...

#.##.# #.# ###........#
#.##.###.# #..........#
#<##..##.# #<.......###
#.###..#.# ##.......## #.#
##.#.### ##...>.....#####
#.# #.....#
###.....%.......#.
#.#####.##.#
#............##...
#.##....##.#
#F##.........##...
#....#####.#
#@##.........##... ###..#
#.###.#.........###... ##.#
#..................... ###
##.....#.........###..
###....##.........# #..
####......##.........# ##.
######...).....##........%#
##
#.......[#....####.......##
#........#.>..###.......##


You could see a giant frog.

Vanquished Creatures
  2 adders (D:2)
  A worm (D:2)
  An ooze (D:1)
  A ball python (D:2)
  9 bats
  4 hobgoblins
  A quokka (D:2)
  2 giant cockroaches (D:1)
  2 giant geckos
  9 goblins
  3 kobolds
  8 rats
43 creatures vanquished.

Notes
Turn   | Place    | Note
--------------------------------------------------------------
     0 | D:1      | ImaNewbie, the Draconian Conjurer, began the quest for the Orb.
     0 | D:1      | Reached XP level 1. HP: 14/14 MP: 3/3
   154 | D:1      | Found a sparkling altar of Nemelex Xobeh.
   612 | D:1      | Reached XP level 2. HP: 15/20 MP: 0/4
   980 | D:1      | Learned a level 2 spell: Searing Ray
  1421 | D:2      | Reached XP level 3. HP: 26/26 MP: 2/6
  1565 | D:2      | Found a snail-covered altar of Cheibriados.
  1884 | D:2      | Found a white marble altar of Elyvilon.
  1939 | D:2      | Reached skill level 5 in Conjurations
  2038 | D:2      | Learned a level 3 spell: Dazzling Spray
  2056 | D:3      | Noticed a giant frog
  2066 | D:2      | Reached XP level 4. HP: 12/33 MP: 2/8
  2072 | D:2      | HP: 1/33 [giant frog (6)]
  2074 | D:2      | Mangled by a giant frog

Action                   |  1- 3 |  4- 6 || total
-------------------------+-------+-------++-------
Melee: Unarmed           |    25 |       ||    25
       Whip              |     7 |       ||     7
 Cast: Magic Dart        |    91 |       ||    91
       Searing Ray       |     1 |       ||     1
       Dazzling Spray    |       |     1 ||     1
  Use: Potion            |     3 |       ||     3
       Scroll            |     2 |       ||     2
  Eat: Chunk             |     5 |       ||     5
